 Dungeon Crawl Stone Soup version 0.21.1-1-g345015f (webtiles) character file.

37 Iko the Charmwright (level 3, -8/28 HPs)
             Began as a Merfolk Skald on May 27, 2018.
             Was an Initiate of Ru.
             Mangled by a shadow (14 damage)
             ... created by the darkness of Dithmenos
             ... on level 3 of the Dungeon.
             The game lasted 00:02:05 (247 turns).

Iko the Charmwright (Merfolk Skald)                  Turns: 247, Time: 00:02:05

Health: -8/28      AC:  6    Str: 12    XL:     3   Next: 39%
Magic:  5/6        EV: 10    Int: 12    God:    Ru [......]
Gold:   10         SH:  0    Dex: 13    Spells: 5/6 levels left

rFire    . . .     SeeInvis .   b - +0 short sword (drain)
rCold    . . .     Gourm    .   (no shield)
rNeg     . . .     Faith    .   e - +0 scale mail
rPois    .         Spirit   .   (no helmet)
rElec    .         Reflect  .   (no cloak)
rCorr    .         Harm     .   (no gloves)
MR       .....                  (no boots)
Stlth    ..........             (no amulet)
HPRegen  0.09/turn              (no ring)
MPRegen  0.10/turn              (no ring)

@: very slightly contaminated
A: change form in water, swift swim, stealthy swim
a: Renounce Religion


You were on level 3 of the Dungeon.
You worshipped Ru.
Ru was noncommittal.
You were not hungry.

You visited 1 branch of the dungeon, and saw 3 of its levels.

You collected 10 gold pieces.

Inventory:

Hand Weapons
 b - a +0 short sword of draining (weapon)
Armour
 e - a +0 scale mail (worn)
Books
 c - a book of Battle

   Spells                             Type                      Level
   a - Infusion                       Charms                       1
   b - Shroud of Golubria             Charms/Translocation         2
   c - Song of Slaying                Charms                       2
   d - Spectral Weapon                Hexes/Charms                 3
   e - Regeneration                   Charms/Necromancy            3
Comestibles
 d - a ration


   Skills:
 + Level 2.5 Fighting
   Level 2.2 Long Blades
 + Level 0.7 Armour
 + Level 3.3 Dodging
 + Level 0.1 Stealth
 + Level 2.3 Spellcasting
 + Level 3.8 Charms


You had 5 spell levels left.
You knew the following spells:

 Your Spells              Type           Power        Failure   Level  Hunger
a - Infusion              Chrm           ##..         28%         1    ##.....


Dungeon Overview and Level Annotations

Branches:
Dungeon (3/15)

Altars:
Dithmenos
Elyvilon
Ru

Annotations:
D:2 Jessica


Message History

Your scale mail prevents you from hitting the shadow.
The shadow hits you. The shadow closely misses you.
You hit the shadow but do no damage. The shadow closely misses you.
The shadow hits you.
* * * LOW HITPOINT WARNING * * *
The shadow slips into darkness.
The shadow flickers and vanishes!
Deactivating autopickup; reactivate with Ctrl-A.
Casting: Infusion
Confirm with . or Enter, or press ? or * to list all spells.
You miscast Infusion.
You are very lightly contaminated with residual magic.
You feel a strange surge of energy! The shadow hits you. The shadow misses you.
You hit the shadow but do no damage.
The shadow slips into darkness.
The shadow flickers and vanishes!
The shadow misses you.
You hit the shadow but do no damage.
The shadow strikes at you from the darkness!
Ouch! That really hurt!
You die...

#..#########.#
#..# #(# #..# #.#
#..##### #.# #...
<.# #.# #.## #.#
#.#
#.####.#####.#
####............#
#@W.......#######
#{######### #{#
#.# #.# #.# #.#
#.# #.#


You could see a shadow.

Vanquished Creatures
  A hound (D:3)
  A giant cockroach (D:3)
  A goblin (D:3)
  A hobgoblin (D:1)
  A frilled lizard (D:1)
  3 rats
8 creatures vanquished.

Notes
Turn   | Place    | Note
-------+----------+-------------------------------------------
     0 | D:1      | Iko the Merfolk Skald began the quest for the Orb.
     0 | D:1      | Reached XP level 1. HP: 16/16 MP: 3/3
    78 | D:2      | Noticed Jessica
   136 | D:3      | Found a shadowy altar of Dithmenos.
   143 | D:3      | Found a sacrificial altar of Ru.
   151 | D:3      | Became a worshipper of Dithmenos the Shadowed
   157 | D:3      | Found a white marble altar of Elyvilon.
   163 | D:3      | Fell from the grace of Dithmenos
   163 | D:3      | Became a worshipper of Ru the Awakened
   194 | D:3      | Noticed a hound
   204 | D:3      | Killed a hound
   204 | D:3      | Reached XP level 2. HP: 20/23 MP: 5/5
   204 | D:3      | Reached XP level 3. HP: 25/28 MP: 6/6
   239 | D:3      | Noticed a shadow
   239 | D:3      | Noticed a shadow
   239 | D:3      | Noticed a shadow
   247 | D:3      | Mangled by a shadow

Skill      XL: |  1 |
---------------+----+-----
Dodging        | 3 |  3.3
Fighting       | |  2.5
Long Blades    | |  2.2
Armour         | |  0.7
Stealth        | |  0.1
Spellcasting   | |  2.3
Charms         | |  3.8

Action                   || total
-------------------------++-------
Melee: Short sword       ||    20
       Falchion          ||    10
  Use: Scroll            ||     1
Armor: Scale mail        ||     7
       Leather armour    ||     3
Dodge: Dodged            ||    21
       Rpst.: Falchion   ||     1
